 Dungeon Crawl Stone Soup version 0.29.0-4-gdea44cf6ec (webtiles) character file.

Game seed: 3477169829601354838

2499 qw the Cleaver (level 9, -6/79 HPs)
             Began as a Minotaur Fighter on Sept 4, 2022.
             Was a Believer of Ru.
             Mangled by Menkaure (11 damage)
             ... on level 7 of the Dungeon.
             The game lasted 00:02:20 (6192 turns).

qw the Cleaver (Minotaur Fighter)                   Turns: 6192, Time: 00:02:21

Health: -6/79      AC: 13    Str: 26    XL:     9   Next: 28%
Magic:  8/8        EV:  8    Int:  5    God:    Ru [**....]
Gold:   256        SH:  4    Dex:  9    Spells: 8/8 levels left

rFire   . . .      SeeInvis +   p - +1 hand axe (vamp)
rCold   . . .      Faith    .   c - +0 buckler
rNeg    . . .      Spirit   .   l - +0 chain mail
rPois   .          Reflect  .   (helmet restricted)
rElec   .          Harm     .   q - +0 cloak
rCorr   .          Rampage  .   m - +1 pair of gloves
Will    .....                   (no boots)
Stlth   ..........              (no amulet)
HPRegen 0.23/turn               a - +4 ring of slaying {mikee}
MPRegen 0.11/turn               f - ring of see invisible

@: no status effects
A: horns 2, inability to use devices, retaliatory headbutt
a: Renounce Religion


You were on level 7 of the Dungeon.
You worshipped Ru.
Ru was pleased with you.
You visited 2 branches of the dungeon, and saw 8 of its levels.

You collected 256 gold pieces.


Innate Abilities, Weirdness & Mutations

You have a pair of horns on your head.
You cannot study or use magical devices.
You reflexively headbutt those who attack you in melee.


   Skills:
 - Level 7.0 Fighting
 + Level 12.8 Axes
 - Level 1.7 Throwing
 - Level 5.1 Armour
 - Level 2.0 Dodging
 - Level 4.0 Shields


You had 8 spell levels left.
You didn't know any spells.
Your spell library was empty.

Inventory:

Hand Weapons
 e - a +0 vorpal flail
 p - a +1 vampiric hand axe (weapon)
Missiles
 r - 3 boomerangs (quivered)
Armour
 c - a +0 buckler (worn)
 l - a +0 chain mail (worn)
 m - a +1 pair of gloves (worn)
 q - a +0 cloak (worn)
Jewellery
 a - a +4 ring of slaying (left hand) {mikee}
 b - an amulet of faith
 f - a ring of see invisible (right hand)
 n - a ring of protection from fire
 o - a +6 ring of strength
Scrolls
 j - 6 scrolls of identify
Potions
 d - 2 potions of might
 g - 2 potions of mutation
 h - a potion of haste
 k - 6 potions of curing

Dungeon Overview and Level Annotations

Branches:
Dungeon (7/15)             Temple (1/1) D:5

Altars:
Ashenzari
Cheibriados
Elyvilon
Fedhas
Gozag
Hepliaklqana
Kikubaaqudgha
Nemelex Xobeh
Okawaru
Qazlal
Ru
Sif Muna
Trog
Uskayaw
Vehumet
Wu Jian
Xom
Yredelemnul
Zin
The Shining One

Annotations:
D:3 3 runed translucent doors, qw's ghost, amateur FoCA
D:7 Menkaure


Message History

A water moccasin comes into view.
The phantom hits you but does no damage.
You slash the phantom!
You destroy the phantom!
Menkaure casts a spell.
Menkaure seems to speed up.
The water moccasin closely misses you.
You slash the water moccasin!
Your headbutt misses the water moccasin.
The water moccasin is almost dead.
The water moccasin bites you but does no damage.
Menkaure calls on the powers of darkness!
The water moccasin convulses!
Your body is wracked with pain!
6186 ||| DRINKING potion of heal wounds.
You feel much better. The water moccasin closely misses you.
The centaur wields a +0 shortbow.
The centaur shoots an arrow.
The arrow hits you.
The water moccasin bites you but does no damage.
You miss the water moccasin.
The water moccasin is almost dead.
The centaur shoots an arrow.
The arrow barely misses you.
Menkaure calls on the powers of darkness!
The water moccasin convulses!
Your body is wracked with pain!
The water moccasin bites you.
You miss the water moccasin. You headbutt the water moccasin.
You kill the water moccasin!
You hit Menkaure.
You headbutt Menkaure, but do no damage.
Menkaure is lightly damaged.
The centaur shoots an arrow.
The arrow hits you but does no damage. Menkaure hits you!
You completely miss Menkaure.
Menkaure is lightly damaged.
You slash Menkaure! Your headbutt misses Menkaure.
Menkaure is heavily damaged.
Menkaure barely misses you.
You slash Menkaure!
Menkaure is severely damaged.
Menkaure hits you!
You die...

..#......... .###........
...... .###........ .....
.##......... c...
............ ##... ##.
...........J. #c.. ....
............. #.. .....
.............##.##......
##.....#........@M......
................).....##
.................#....#
................###...+
............)....#....#
.................[....###
..................%¤....#
...........#.#...#.¤....#
#.#........#....##..###.#


You could see Menkaure (fast) and a centaur.

Vanquished Creatures
  Prince Ribbit (D:5)
  A steam dragon (D:6)
  A water moccasin (D:7)
  Duvessa (D:5)
  2 black bears (D:6)
  An ogre (D:5)
  2 centaurs (D:6)
  2 phantoms
  Blork the orc (D:5)
  2 scorpions
  A necrophage (D:6)
  A bullfrog (D:5)
  A wight (D:6)
  Dowan (D:5)
  2 howler monkeys (D:7)
  2 bullfrog zombies (D:6)
  4 centaur zombies (D:6)
  4 hounds
  A human zombie (D:6)
  3 orc priests
  2 iguanas
  4 jellies
  6 orc wizards
  2 killer bee zombies (D:6)
  A mummy (D:6)
  8 adders
  A shadow imp (D:5)
  A white imp (D:5)
  An ufetubus (D:6)
  A worm (D:2)
  A dart slug (D:1)
  19 orcs
  3 bats
  5 endoplasms
  5 goblins
  7 hobgoblins
  6 quokkas
  11 ball pythons
  4 frilled lizards
  2 kobolds
  7 rats
131 creatures vanquished.

Notes
Turn   | Place    | Note
-------+----------+-------------------------------------------
     0 | D:1      | qw the Minotaur Fighter began the quest for the Orb.
     0 | D:1      | Reached XP level 1. HP: 19/19 MP: 0/0
     0 | D:1      | 0 ||| qw: Version: 0.1-a-103-gd6f5d3a
     0 | D:1      | 0 ||| qw: Game counter: 5620
     0 | D:1      | 0 ||| qw: Always use a shield: true
     0 | D:1      | 0 ||| qw: God list: Ru
     0 | D:1      | 0 ||| qw: Allow faded altars: false
     0 | D:1      | 0 ||| qw: Do Orc after D:15 true
     0 | D:1      | 0 ||| qw: Do second Lair branch before Depths: true
     0 | D:1      | 0 ||| qw: Lair rune preference: random
     0 | D:1      | 0 ||| qw: Plans: Normal
     0 | D:1      | 0 ||| PLANNING D:1-11
    54 | D:1      | Reached skill level 3 in Axes
    77 | D:1      | Reached XP level 2. HP: 21/26 MP: 1/1
    77 | D:1      | 77 ||| Stepping ~*~*~tactically~*~*~ (stealth).
   432 | D:1      | Reached skill level 4 in Axes
   583 | D:1      | 583 ||| Stepping ~*~*~tactically~*~*~ (hiding).
   727 | D:1      | Reached XP level 3. HP: 31/31 MP: 2/2
   862 | D:1      | 862 ||| READING 2 scrolls labelled UTSASA XALOGA.
   865 | D:1      | 865 ||| READING scroll labelled QIOFFU GY WAH.
   866 | D:1      | 866 ||| READING 2 scrolls labelled XAZXEMUIPU.
   941 | D:2      | Found a shimmering blue altar of Sif Muna.
  1360 | D:2      | Reached skill level 5 in Axes
  1686 | D:2      | 1686 ||| UPGRADING to +0 pair of gloves.
  1691 | D:2      | 1691 ||| READING scroll labelled VULAAB UPHOICLEO.
  1692 | D:2      | 1692 ||| READING scroll labelled IGEEGAMPOE.
  1693 | D:2      | 1693 ||| DRINKING 2 viscous dark potions.
  1694 | D:2      | 1694 ||| DROPPING potion of degeneration.
  1777 | D:3      | 1777 ||| FLEEEEING.
  1785 | D:3      | Reached XP level 4. HP: 36/39 MP: 3/3
  1792 | D:3      | Reached skill level 1 in Dodging
  1866 | D:3      | 1866 ||| FLEEEEING.
  1867 | D:3      | 1867 ||| FLEEEEING.
  1868 | D:3      | 1868 ||| FLEEEEING.
  1870 | D:3      | 1870 ||| FLEEEEING.
  1871 | D:3      | 1871 ||| FLEEEEING.
  1928 | D:3      | 1928 ||| Stepping ~*~*~tactically~*~*~ (stealth).
  1937 | D:3      | 1937 ||| Stepping ~*~*~tactically~*~*~ (stealth).
  1938 | D:3      | 1938 ||| Stepping ~*~*~tactically~*~*~ (stealth).
  2004 | D:3      | Noticed a kobold brigand
  2005 | D:3      | Found a runed translucent gate.
  2005 | D:3      | Found a runed translucent gate.
  2005 | D:3      | Found a runed translucent gate.
  2005 | D:3      | Noticed qw's ghost (amateur FoCA)
  2288 | D:3      | Reached XP level 5. HP: 44/45 MP: 4/4
  2291 | D:3      | Reached skill level 6 in Axes
  2627 | D:3      | 2627 ||| READING scroll labelled DOBREU SESASCHI.
  2628 | D:3      | 2628 ||| READING scroll labelled AGEITIOFEU.
  2629 | D:3      | 2629 ||| DRINKING 2 pink potions.
  2630 | D:3      | 2630 ||| DRINKING 3 murky orange potions.
  2631 | D:3      | 2631 ||| READING 5 scrolls of identify.
  2631 | D:3      | 2631 ||| IDENTIFYING yellow potion
  2632 | D:3      | 2632 ||| READING 4 scrolls of identify.
  2632 | D:3      | 2632 ||| IDENTIFYING glowing puce potion
  2633 | D:3      | 2633 ||| READING 3 scrolls of identify.
  2633 | D:3      | 2633 ||| IDENTIFYING inky potion
  2634 | D:3      | 2634 ||| DROPPING potion of berserk rage.
  2635 | D:3      | 2635 ||| DROPPING potion of brilliance.
  2636 | D:3      | 2636 ||| READING scroll of teleportation.
  3135 | D:4      | Found a hide-covered altar of Uskayaw.
  3144 | D:4      | Reached skill level 7 in Axes
  3263 | D:4      | 3263 ||| UPGRADING to +4 ring of slaying {mikee}.
  3264 | D:4      | 3264 ||| UPGRADING to +6 ring of strength.
  3265 | D:4      | 3265 ||| READING scroll labelled YWKIMM EGOSI.
  3266 | D:4      | 3266 ||| READING 3 scrolls of identify.
  3266 | D:4      | 3266 ||| IDENTIFYING glowing black potion
  3293 | D:5      | Entered Level 5 of the Dungeon
  3310 | D:5      | Found a staircase to the Ecumenical Temple.
  3319 | D:5      | 3319 ||| PLANNING TEMPLE
  3326 | Temple   | Entered the Ecumenical Temple
  3384 | Temple   | Became a worshipper of Ru the Awakened
  3386 | Temple   | 3386 ||| PLANNING D:1-11
  3417 | D:5      | Noticed an ogre
  3424 | D:5      | Killed an ogre
  3425 | D:5      | Reached XP level 6. HP: 30/53 MP: 5/5
  3631 | D:5      | Reached skill level 8 in Axes
  3768 | D:5      | Noticed Dowan
  3768 | D:5      | Noticed Duvessa
  3769 | D:5      | 3769 ||| Stepping ~*~*~tactically~*~*~ (hiding).
  3778 | D:5      | Killed Dowan
  3779 | D:5      | Reached XP level 7. HP: 35/60 MP: 6/6
  3779 | D:5      | Killed Duvessa
  3780 | D:5      | Reached skill level 9 in Axes
  3940 | D:5      | Noticed Blork the orc
  3946 | D:5      | Killed Blork the orc
  4109 | D:5      | 4109 ||| Stepping ~*~*~tactically~*~*~ (hiding).
  4109 | D:5      | Noticed Prince Ribbit
  4128 | D:5      | Killed Prince Ribbit
  4129 | D:5      | Reached skill level 10 in Axes
  4129 | D:5      | Reached XP level 8. HP: 48/68 MP: 7/7
  4414 | D:5      | 4414 ||| DROPPING amulet of magic regeneration.
  4415 | D:5      | 4415 ||| READING scroll labelled BIENAPH DOMO.
  4416 | D:5      | 4416 ||| READING scroll labelled OGALOI ZIORPHO.
  4417 | D:5      | 4417 ||| READING 5 scrolls of identify.
  4417 | D:5      | 4417 ||| IDENTIFYING smoky white potion
  4418 | D:5      | 4418 ||| DROPPING potion of lignification.
  4654 | D:6      | Reached skill level 6 in Fighting
  4720 | D:6      | Found a hazy altar of Hepliaklqana.
  4727 | D:6      | Found a stormy altar of Qazlal.
  4729 | D:6      | Found a sparkling altar of Nemelex Xobeh.
  4926 | D:6      | 4926 ||| INVOKING Sacrifice Artifice.
  4926 | D:6      | Gained mutation: You cannot study or use magical devices.
                  | [Ru sacrifice]
  4926 | D:6      | Reached * piety under Ru
  4926 | D:6      | Reached ** piety under Ru
  4935 | D:6      | 4935 ||| Stepping ~*~*~tactically~*~*~ (stealth).
  4943 | D:6      | Reached skill level 11 in Axes
  4943 | D:6      | 4943 ||| FLEEEEING.
  4944 | D:6      | 4944 ||| FLEEEEING.
  4945 | D:6      | 4945 ||| STAIRDANCE
  5021 | D:5      | 5021 ||| UPGRADING to +0 cloak.
  5026 | D:5      | 5026 ||| UPGRADING to ring of see invisible.
  5028 | D:5      | 5028 ||| READING scroll labelled KAJESENYOMN.
  5029 | D:5      | 5029 ||| READING 6 scrolls of identify.
  5029 | D:5      | 5029 ||| IDENTIFYING fuming sapphire potion
  5030 | D:5      | 5030 ||| DROPPING potion of attraction.
  5033 | D:6      | 5033 ||| STAIRDANCE
  5043 | D:6      | 5043 ||| STAIRDANCE
  5057 | D:6      | 5057 ||| READING scroll of enchant armour.
  5057 | D:6      | 5057 ||| ENCHANTING +0 pair of gloves.
  5138 | D:6      | 5138 ||| Stepping ~*~*~tactically~*~*~ (hiding).
  5150 | D:6      | Reached skill level 12 in Axes
  5152 | D:6      | 5152 ||| Stepping ~*~*~tactically~*~*~ (stealth).
  5154 | D:6      | 5154 ||| Stepping ~*~*~tactically~*~*~ (stealth).
  5155 | D:6      | 5155 ||| Stepping ~*~*~tactically~*~*~ (stealth).
  5180 | D:6      | 5180 ||| SWAPPING to +1 vampiric hand axe.
  5181 | D:6      | 5181 ||| DROPPING +0 war axe.
  5379 | D:6      | 5379 ||| Stepping ~*~*~tactically~*~*~ (hiding).
  5389 | D:6      | Reached skill level 1 in Throwing
  5522 | D:6      | 5522 ||| Stepping ~*~*~tactically~*~*~ (stealth).
  5602 | D:6      | 5602 ||| Stepping ~*~*~tactically~*~*~ (stealth).
  5662 | D:6      | Reached XP level 9. HP: 79/79 MP: 8/8
  5728 | D:6      | Found a basalt altar of Yredelemnul.
  5931 | D:6      | 5931 ||| UPGRADING to +0 chain mail.
  5941 | D:6      | 5941 ||| DROPPING +0 scale mail.
  6004 | D:7      | 6004 ||| Stepping ~*~*~tactically~*~*~ (hiding).
  6006 | D:7      | 6006 ||| Stepping ~*~*~tactically~*~*~ (hiding).
  6138 | D:7      | Found a radiant altar of Vehumet.
  6174 | D:7      | Noticed Menkaure
  6175 | D:7      | 6175 ||| Stepping ~*~*~tactically~*~*~ (stealth).
  6179 | D:7      | 6179 ||| Stepping ~*~*~tactically~*~*~ (hiding).
  6185 | D:7      | HP: 19/79 [??? (16)]
  6186 | D:7      | 6186 ||| DRINKING potion of heal wounds.
  6189 | D:7      | HP: 5/79 [Menkaure (8)]
  6192 | D:7      | Mangled by Menkaure

Levels and vault maps discovered:
D:1:      minmay_arrival_four_circles, layout_rooms, hangedman_decor_slide_cut
D:2:      layout_loops_ring, basic_altar, minivault_26, grunt_ministairs_12
D:3:      layout_basic, gammafunk_ghost_nasty_kobolds
D:4:      layout_cave_pools, mainiacjoe_overflow_alcove_2
D:5:      layout_basic, minmay_temple_entry_statues, uniq_prince_ribbit1,
          uniq_duvessa, uniq_blork_the_orc
D:6:      layout_loops_cross, minitemple, lemuel_mausoleum_altar_yredelemnul,
          minmay_stone_trees_medium, kennysheep_opposing_triangles
D:7:      layout_cave_pools, mainiacjoe_overflow_tiny_flanked, serial_shops,
          shop, st_stairs_6, dk_noncrumbling_2, chequers_serial_rivers_micro_e,
          uniq_menkaure
Temple:   nicolae_temple_great_sept

Skill      XL: |  1  2  3  4  5  6  7  8  9 |
---------------+----------------------------+-----
Axes           | 3 4 5 7 8 10 12 | 12.8
Dodging        | 1 2 |  2.0
Fighting       | 4 5 7 |  7.0
Shields        | 4 |  4.0
Throwing       | 1 |  1.7
Armour         | 4 5 |  5.1

Action                   |  1- 3 |  4- 6 |  7- 9 || total
-------------------------+-------+-------+-------++-------
Melee: War axe           |    93 |    78 |    69 ||   240
       Headbutt          |    11 |     5 |    39 ||    55
       Hand axe          |       |       |    92 ||    92
Throw: Boomerang         |       |       |     9 ||     9
Invok: Sacrifice Artific |       |       |     1 ||     1
  Use: Scroll            |     5 |     8 |     6 ||    19
       Potion            |     1 |     2 |     1 ||     4
Armor: Scale mail        |    25 |    18 |    46 ||    89
       Chain mail        |       |       |     9 ||     9
Dodge: Dodged            |    28 |    36 |    49 ||   113
Block: Buckler           |    14 |    12 |    28 ||    54

Table legend:
 A = Non-vault XP
 B = Vault XP
 C = Vault XP percentage of total XP
 D = Non-vault monster count
 E = Vault monster count
 F = Vault count percentage of total count
                 A         B        C        D         E       F
            +---------+---------+-------+---------+---------+-------
      Total |    1898 |    1672 |  46.8 |     108 |      23 |  17.6
            +---------+---------+-------+---------+---------+-------
        D:1 |      43 |       0 |   0.0 |      26 |       0 |   0.0
        D:2 |      36 |       3 |   7.7 |      14 |       2 |  12.5
        D:3 |     132 |       0 |   0.0 |      14 |       0 |   0.0
        D:4 |     136 |       0 |   0.0 |       7 |       0 |   0.0
        D:5 |     517 |     586 |  53.1 |      19 |       4 |  17.4
        D:6 |     666 |    1041 |  61.0 |      20 |      16 |  44.4
        D:7 |     368 |      42 |  10.2 |       8 |       1 |  11.1
            +---------+---------+-------+---------+---------+-------
